 Dungeon Sprint DCSS version 0.30-a0-920-g7493c07aab (webtiles) character file.

Game seed: 17299097128534704268

7 testman the Gusty (level 2, 0/15 HPs)
             Began as a Tengu Air Elementalist on Mar 21, 2023.
             Slain by a black bear (1 damage)
             ... in the Dungeon (Sprint IX: "|||||||||||||||||||||||||||||").
             The game lasted 00:01:42 (74 turns).

testman the Gusty (Tengu Air Elementalist)            Turns: 74, Time: 00:01:43

Health: 0/15       AC:  2    Str:  8    XL:     2   Next: 4%
Magic:  6/6        EV: 12    Int: 15    God:
Gold:   0          SH:  0    Dex: 14    Spells: 5/6 levels left

rFire   . . .      SeeInvis .    (no weapon)
rCold   . . .      Faith    .    (no shield)
rNeg    . . .      Spirit   .    a - +0 robe
rPois   .          Reflect  .    (helmet restricted)
rElec   .          Rampage  .    (no cloak)
rCorr   .          NoTele   +    (no gloves)
Will    .....                    (boots unavailable)
Stlth   ++                       (no amulet)
HPRegen 0.22/turn                (no ring)
MPRegen 0.10/turn                (no ring)

@: hasted, very quick
A: beak, talons 3
a: no special abilities


You were in the Dungeon.
You visited 1 branch

Inventory:

Armour
 a - a +0 robe (worn)
Scrolls
 g - a scroll of blinking
Potions
 b - 2 potions of magic
 c - a potion of curing
 f - a potion of berserk rage


   Skills:
 - Level 2.1 Dodging
 - Level 2.0 Stealth
 + Level 2.8 Spellcasting
 + Level 3.2 Conjurations
 + Level 5.0 Air Magic


You had 5 spell levels left.
You knew the following spells:

 Your Spells              Type           Power      Damage    Failure   Level
a - Shock                 Conj/Air       56%        1d6       3%          1

Your spell library contained the following spells:

 Spells                   Type           Power      Damage    Failure   Level
 Static Discharge         Conj/Air       28%        2-4/arc   6%          2
 Swiftness                Air            17%        N/A       8%          3
 Airstrike                Air            8%         2d(2-18)  26%         4


Dungeon Overview and Level Annotations

Branches:
Dungeon (1/1)

Altars:


Innate Abilities, Weirdness & Mutations

You have a beak for a mouth.
You have claws for feet.


Message History

The black bear closely misses you.
Unknown command.
You feel much better. The black bear barely misses you.
The black bear claws you. The black bear closely misses you.
Aiming: Shock (safe; 3% risk of failure)
Press: ? - help, Q - select action Shift-Dir - straight line, f/p - black bear
Aim: a black bear (heavily wounded, 79% to hit)
The zap hits the black bear.
The black bear is heavily wounded.
The zap hits the ogre.
The ogre is moderately wounded.
The zap hits the iguana.
The iguana is severely wounded.
The zap hits the scorpion.
The scorpion is heavily wounded.
The zap hits the adder.
The adder is moderately wounded.
The black bear bites you. The black bear misses you. The black bear claws you.
Unknown command.
Aiming: Shock (safe; 3% risk of failure)
Press: ? - help, Q - select action Shift-Dir - straight line, f/p - black bear
Aim: a black bear (heavily wounded, 79% to hit)
The zap hits the black bear.
The black bear is severely wounded.
The zap misses the ogre.
The zap hits the iguana.
The iguana is almost dead.
The zap hits the scorpion.
The scorpion is severely wounded.
The zap hits the adder.
The adder is heavily wounded.
The black bear barely misses you. The black bear completely misses you.
The black bear barely misses you. Magic courses through your body.
The black bear barely misses you. The black bear claws you. x2
* * * LOW HITPOINT WARNING * * *
You feel yourself speed up. The black bear misses you.
The black bear claws you.
* * * LOW HITPOINT WARNING * * *
The black bear claws you.
You die...

▓.▓
▓.▓
▓.▓
▓†▓
▓†▓
▓†▓
▓.▓
▓.▓
▓@▓
▓h▓
▓O▓
▓l▓
▓s▓
▓S▓
▓.▓
▓+▓


You could see a black bear, an ogre, a scorpion, an iguana and an adder.

Vanquished Creatures
  A dart slug (D)
  A bat (D)
  A giant cockroach (D)
  A hobgoblin (D)
  A ball python (D)
5 creatures vanquished.

Notes
Turn   | Place    | Note
-------+----------+-------------------------------------------
     0 | D        | testman the Tengu Air Elementalist began the quest for the
                  | Orb.
     0 | D        | Reached XP level 1. HP: 10/10 MP: 4/4
     7 | D        | Reached XP level 2. HP: 12/15 MP: 1/6
     8 | D        | Reached skill level 5 in Air Magic
    65 | D        | Noticed a black bear
    65 | D        | Noticed an ogre
    65 | D        | Noticed a scorpion
    74 | D        | Slain by a black bear

Illustrated notes

Levels and vault maps discovered:
D:        linesprint [early_d, line_temple, items_1, d_10, items_2, lair_1,
          lair_end, items_3, orc_1, orc_end, items_4, d_15, swamp_1, shoals_1,
          snake_1, spider_1, d_20, vaults_1, items_5, swamp_end, shoals_end,
          snake_end, spider_end, vaults_end, d_27, items_6, zot_1, zot_end,
          crypt_end, forest_end, elf_end, slime_end, tomb_end, abyss_end,
          pan_hell_end]

Skill      XL: |  1  2 |
---------------+-------+-----
Conjurations   | 3 |  3.2
Air Magic      | 5 |  5.0
Dodging        | |  2.1
Stealth        | |  2.0
Spellcasting   | |  2.8

Action                     || total
---------------------------++-------
   Cast: Shock             ||    10
    Use: Potion            ||     3
 Armour: Robe              ||     1
  Dodge: Dodged            ||    13

Table legend: (Time is in decaauts)
 A = Elapsed time spent in this place.
 B = Non-inter-level travel time spent in this place.
 C = Inter-level travel time spent in this place.
 D = Time resting spent in this place.
 E = Time spent auto-exploring this place.
 F = Levels seen in this place.
 G = Mean time per level.
                   A        B        C        D        E       F      G
               +--------+--------+--------+--------+--------+-----+--------+
         Total |     74 |     68 |      6 |     51 |      0 |   1 |   74.0 |
       Dungeon |     74 |     68 |      6 |     51 |      0 |   1 |   74.0 |
               +--------+--------+--------+--------+--------+-----+--------+

Top non-repeatable levels by time:
       D: 74 daAuts
